 Dungeon Crawl Stone Soup version 0.17.0-28-g6e173f8 (webtiles) character file.

486 dohliylev the Covert (level 6, 0/46 HPs)
             Began as a Vampire Assassin on Dec 1, 2015.
             Slain by a giant cockroach (1 damage)
             ... on level 5 of the Dungeon.
             The game lasted 00:12:54 (3414 turns).

dohliylev the Covert (Vampire Assassin)             Turns: 3414, Time: 00:12:54

Health: 0/46       AC:  8    Str: 10    XL:     6   Next: 89%
Magic:  6/6        EV: -5    Int: 20    God:
Gold:   190        SH:  4    Dex: 17    Spells: 0 memorised, 5 levels left

rFire  + . .     SeeInvis +     t - +1 dagger (speed)
rCold  + . .     Clarity  .     z - gold dragon hide
rNeg   + . .     SustAt   .     u - +0 buckler
rPois  +         Gourm    .     o - +0 helmet (curse)
rElec  .         Spirit   .     d - +0 cloak
rCorr  .         Warding  .     (no gloves)
rMut   .         Stasis   .     (no boots)
MR     .....                    (no amulet)
Stlth  ..........               v - +6 ring of intelligence
                                r - ring of poison resistance

@: not resistant to hostile enchantments, extremely unstealthy
A: fangs 3, see invisible, unbreathing
a: Bat Form


You were on level 5 of the Dungeon.
You were not thirsty.

You visited 1 branch of the dungeon, and saw 5 of its levels.

You collected 190 gold pieces.

Inventory:

Hand Weapons
 a - a +2 dagger
 b - a +0 blowgun
 t - a +1 dagger of speed (weapon)
 w - the +6 war axe of the Wolf {elec, Dex+3}
   (You found it on level 4 of the Dungeon)

   Occasionally, upon striking a foe, it will discharge some electrical energy
   and cause terrible harm.
   It affects your dexterity (+3).
Missiles
 e - 6 poisoned needles
 f - 2 curare-tipped needles
Armour
 c - a +0 robe
 d - a +0 cloak (worn)
 o - a cursed +0 helmet (worn)
 u - a +0 buckler (worn)
 z - a gold dragon hide (worn)
Jewellery
 r - a ring of poison resistance (left hand)
 v - a +6 ring of intelligence (right hand)
Scrolls
 h - a scroll of enchant armour {unknown}
 k - 2 scrolls of enchant weapon {unknown}
 l - 7 scrolls of identify {unknown}
 p - 2 scrolls of noise {unknown}
 q - a scroll of remove curse {unknown}
 s - a scroll of fear {unknown}
 y - a scroll of teleportation {unknown}
Potions
 g - 10 potions of blood
 i - 2 potions of heal wounds {unknown}
 j - a potion of invisibility {unknown}
 m - 2 potions of curing {unknown}
 n - 3 potions of agility {unknown}
 x - a potion of degeneration {unknown}


   Skills:
 + Level 2.5 Fighting
 + Level 3.1 Short Blades
 + Level 0.3 Axes
 + Level 1.8 Throwing
 + Level 4.1 Dodging
 + Level 9.9 Stealth
 + Level 0.1 Shields


You had 5 spell levels left.
You didn't know any spells.

Dungeon Overview and Level Annotations

Branches:
Dungeon (5/15)
 Temple: D:4-7

Altars:
Ashenzari
Fedhas
Gozag
Vehumet
Yredelemnul
The Shining One


Innate Abilities, Weirdness & Mutations

You have razor-sharp teeth.
You have supernaturally acute eyesight.
You can survive without breathing.


Message History

The giant cockroach bites you but does no damage.
The adder bites you but does no damage.
The sky beast flickers out of sight for a moment.
The sky beast hits you but does no damage.
The giant cockroach bites you but does no damage.
The adder bites you but does no damage. The sky beast hits you.
The sky beast shocks you.
The giant cockroach bites you but does no damage.
The adder bites you.
* * * LOW HITPOINT WARNING * * *
The giant cockroach bites you but does no damage.
The sky beast hits you but does no damage.
The adder bites you but does no damage. The giant cockroach bites you.
* * * LOW HITPOINT WARNING * * *
The sky beast hits you.
* * * LOW HITPOINT WARNING * * *
The sky beast shocks you.
* * * LOW HITPOINT WARNING * * *
The adder completely misses you. The giant cockroach bites you.
You die...

#.#......... .# .##
#.#.....### .#+#...
# #.....### .......
#.###...###.......
#.###.............
...................
##.######...#.....
.......sYS........
#.##....@###......
#.....# ......
........# .....
......... .....
......... ....
......[... #...
..........
...........


You could see a sky beast (invisible), an adder and a giant cockroach.

Vanquished Creatures
  An ogre (D:4)
  3 hounds (D:4)
  An orc wizard (D:4)
  An orc priest (D:4)
  An iguana (D:4)
  3 worker ants
  7 adders
  2 oozes (D:2)
  2 giant geckos
  13 orcs
  5 bats
  2 giant cockroaches
  11 hobgoblins
  2 quokkas
  4 ball pythons
  4 giant newts
  8 goblins
  7 jackals
  9 kobolds
  9 rats
95 creatures vanquished.

Notes
Turn   | Place    | Note
--------------------------------------------------------------
     0 | D:1      | dohliylev the Vampire Assassin began the quest for the Orb.
     0 | D:1      | Reached XP level 1. HP: 16/16 MP: 1/1
    65 | D:1      | Reached skill level 6 in Stealth
   353 | D:1      | Reached XP level 2. HP: 16/22 MP: 2/2
   377 | D:1      | You fall through a shaft!
   479 | D:2      | Reached skill level 7 in Stealth
   479 | D:2      | Reached XP level 3. HP: 27/27 MP: 3/3
  1245 | D:2      | Reached XP level 4. HP: 30/33 MP: 4/4
  1566 | D:2      | Found a glowing golden altar of the Shining One.
  1568 | D:2      | Found a blossoming altar of Fedhas.
  1572 | D:2      | Found a radiant altar of Vehumet.
  2031 | D:3      | Found a shattered altar of Ashenzari.
  2114 | D:3      | Reached skill level 8 in Stealth
  2560 | D:4      | Reached XP level 5. HP: 38/38 MP: 5/5
  2749 | D:4      | Reached skill level 9 in Stealth
  2749 | D:4      | Reached XP level 6. HP: 44/44 MP: 6/6
  2885 | D:4      | Got a pitted war axe
  2886 | D:4      | Identified the +6 war axe of the Wolf {elec, Dex+3} (You found it on level 4 of the Dungeon)
  3034 | D:4      | Noticed an ogre
  3041 | D:4      | Killed an ogre
  3252 | D:4      | Found a basalt altar of Yredelemnul.
  3298 | D:5      | Entered Level 5 of the Dungeon
  3382 | D:5      | Found an opulent altar of Gozag.
  3413 | D:5      | HP: 1/46 [sky beast (6)]
  3414 | D:5      | Slain by a giant cockroach

Action                   |  1- 3 |  4- 6 || total
-------------------------+-------+-------++-------
Melee: Dagger            |    99 |   166 ||   265
       War axe           |       |     6 ||     6
 Fire: Blowgun           |     1 |     7 ||     8
 Stab: Sleeping          |    15 |    27 ||    42
       Distracted        |     2 |     1 ||     3
  Eat: Corpse            |    10 |     3 ||    13
